 Dungeon Crawl Stone Soup version 0.22.0-49-gab54619674 (webtiles) character file.

135 JedernureinKreuz the Conjurer (level 5, -3/37 HPs)
             Began as a Gnoll Conjurer on Sept 8, 2018.
             Slain by a gnoll
             ... wielding a +0 spear
              (6 damage)
             ... on level 3 of the Dungeon.
             The game lasted 00:16:10 (1751 turns).

JedernureinKreuz the Conjurer (Gnoll Conjurer)      Turns: 1751, Time: 00:16:11

Health: -3/37      AC:  5    Str: 10    XL:     5   Next: 18%
Magic:  1/12       EV: 14    Int: 18    God:
Gold:   113        SH:  0    Dex: 16    Spells: 13/14 levels left

rFire    . . .     SeeInvis .   h - -2 short sword (curse)
rCold    . . .     Gourm    .   (no shield)
rNeg     . . .     Faith    .   p - +0 leather armour
rPois    .         Spirit   .   (no helmet)
rElec    .         Reflect  .   z - +0 cloak
rCorr    .         Harm     .   b - +0 pair of gloves
MR       .....                  (no boots)
Stlth    +++.......             (no amulet)
HPRegen  0.12/turn              (no ring)
MPRegen  0.13/turn              (no ring)

@: no status effects
A: distributed training, fangs 1, strong nose
a: no special abilities


You were on level 3 of the Dungeon.
You were not hungry.

You visited 1 branch of the dungeon, and saw 3 of its levels.

You collected 113 gold pieces.

Inventory:

Hand Weapons
 d - a +0 mace
 h - a cursed -2 short sword (weapon)
 n - a +0 dagger
 r - a +0 arbalest
 s - a +3 dagger of venom
 t - a +0 blowgun
 y - a +4 quarterstaff of chaos
Missiles
 g - 36 arrows
 j - 102 stones (quivered)
 o - 8 sling bullets
 u - 12 poisoned needles
Armour
 a - a +0 robe
 b - a +0 pair of gloves (worn)
 e - a +0 scale mail
 p - a +0 leather armour (worn)
 z - a +0 cloak (worn)
Scrolls
 i - a scroll of fear
 l - 2 scrolls of identify
Potions
 f - a potion of agility {unknown}
 k - a potion of curing {unknown}
 m - 2 potions of brilliance
 q - 2 potions of heal wounds {unknown}
 v - a potion of flight {unknown}
Comestibles
 c - 4 rations


   Skills:
 + Level 1.3 Fighting
 + Level 1.3 Short Blades
 + Level 1.3 Long Blades
 + Level 1.3 Axes
 + Level 1.3 Maces & Flails
 + Level 1.3 Polearms
 + Level 1.3 Staves
 + Level 1.3 Slings
 + Level 1.3 Bows
 + Level 1.3 Crossbows
 + Level 1.3 Throwing
 + Level 1.3 Armour
 + Level 4.7 Dodging
 + Level 4.3 Stealth
 + Level 1.3 Shields
 + Level 1.3 Unarmed Combat
 + Level 5.1 Spellcasting
 + Level 7.1 Conjurations
 + Level 1.1 Hexes
 + Level 1.1 Charms
 + Level 1.1 Summonings
 + Level 1.1 Necromancy
 + Level 1.1 Translocations
 + Level 1.1 Transmutations
 + Level 1.1 Fire Magic
 + Level 1.1 Ice Magic
 + Level 1.1 Air Magic
 + Level 1.1 Earth Magic
 + Level 1.1 Poison Magic
 + Level 1.5 Invocations
 + Level 1.3 Evocations


You had 13 spell levels left.
You knew the following spells:

 Your Spells              Type           Power        Failure   Level  Hunger
a - Magic Dart            Conj           ####         1%          1    None

Your spell library contained the following spells:

 Spells                   Type           Power        Failure   Level  Hunger
 Searing Ray              Conj           ####..       1%          2    #......
 Iskenderun's Mystic Bla  Conj           ####....     9%          4    ####...
 Dazzling Spray           Conj/Hex       ###...       10%         3    ##.....
 Force Lance              Conj/Tloc      ###.....     30%         4    ####...
 Fulminant Prism          Conj/Hex       ###.......   30%         4    ####...


Dungeon Overview and Level Annotations

Branches:
Dungeon (3/15)

Altars:
Qazlal


Innate Abilities, Weirdness & Mutations

Your experience applies equally to all skills.
You have very sharp teeth.
Your uncanny sense of smell can sniff out nearby items.


Message History

You hit the gnoll but do no damage.
The gnoll is almost dead.
The gnoll closely misses you. The gnoll barely misses you.
You barely miss the gnoll.
The gnoll is almost dead.
The gnoll barely misses you. The gnoll hits you but does no damage.
You hit the gnoll but do no damage.
The gnoll is almost dead.
The gnoll hits you from afar with a spear.
The gnoll hits you!
* * * LOW HITPOINT WARNING * * *
You barely miss the gnoll.
The gnoll is almost dead.
The gnoll hits you from afar with a spear.
* * * LOW HITPOINT WARNING * * *
The gnoll closely misses you.
You hit the gnoll but do no damage.
The gnoll is almost dead.
The gnoll hits you from afar with a spear.
You die...

##.#. ...
... ... #.#
#g# #g#
##@##
##...##
##.....##
##....)..##
#.....?...#
+.........+
#.........#
##.......##
##.....##


You could see 2 gnolls.

Vanquished Creatures
  Crazy Yiuf (D:2)
  A gnoll (D:3)
  2 adders
  An ooze (D:2)
  A worm (D:2)
  2 dart slugs
  3 leopard geckos (D:2)
  3 orcs (D:3)
  2 ball pythons
  14 bats
  8 goblins
  4 hobgoblins
  2 jackals (D:1)
  9 kobolds
  2 frilled lizards (D:1)
  A leopard gecko skeleton (D:2)
  8 rats
64 creatures vanquished.

Notes
Turn   | Place    | Note
-------+----------+-------------------------------------------
     0 | D:1      | JedernureinKreuz the Gnoll Conjurer began the quest for the
                  | Orb.
     0 | D:1      | Reached XP level 1. HP: 13/13 MP: 6/6
    77 | D:1      | Reached XP level 2. HP: 19/19 MP: 4/7
   487 | D:1      | Reached XP level 3. HP: 25/25 MP: 7/9
   742 | D:1      | Reached skill level 5 in Spellcasting
   799 | D:2      | Reached skill level 1 in Invocations
   963 | D:2      | Found a stormy altar of Qazlal.
  1019 | D:2      | Reached skill level 1 in Fighting
  1019 | D:2      | Reached skill level 1 in Short Blades
  1019 | D:2      | Reached skill level 1 in Long Blades
  1019 | D:2      | Reached skill level 1 in Axes
  1019 | D:2      | Reached skill level 1 in Maces & Flails
  1019 | D:2      | Reached skill level 1 in Polearms
  1019 | D:2      | Reached skill level 1 in Staves
  1019 | D:2      | Reached skill level 1 in Slings
  1019 | D:2      | Reached skill level 1 in Bows
  1019 | D:2      | Reached skill level 1 in Crossbows
  1019 | D:2      | Reached skill level 1 in Throwing
  1019 | D:2      | Reached skill level 1 in Armour
  1019 | D:2      | Reached skill level 1 in Shields
  1019 | D:2      | Reached skill level 1 in Unarmed Combat
  1019 | D:2      | Reached skill level 1 in Evocations
  1119 | D:2      | Reached XP level 4. HP: 32/32 MP: 6/11
  1331 | D:2      | Found a runed door.
  1335 | D:2      | Noticed Crazy Yiuf
  1339 | D:2      | Killed Crazy Yiuf
  1339 | D:2      | Reached skill level 1 in Hexes
  1339 | D:2      | Reached skill level 1 in Charms
  1339 | D:2      | Reached skill level 1 in Summonings
  1339 | D:2      | Reached skill level 1 in Necromancy
  1339 | D:2      | Reached skill level 1 in Translocations
  1339 | D:2      | Reached skill level 1 in Transmutations
  1339 | D:2      | Reached skill level 1 in Fire Magic
  1339 | D:2      | Reached skill level 1 in Ice Magic
  1339 | D:2      | Reached skill level 1 in Air Magic
  1339 | D:2      | Reached skill level 1 in Earth Magic
  1339 | D:2      | Reached skill level 1 in Poison Magic
  1591 | D:3      | Reached XP level 5. HP: 37/37 MP: 8/12
  1599 | D:3      | Found a faded altar of an unknown god.
  1751 | D:3      | Slain by a gnoll

Skill      XL: |  1  2  3  4 |
---------------+-------------+-----
Spellcasting   | 5 |  5.1
Invocations    | 1 |  1.5
Fighting       | 1 |  1.3
Short Blades   | 1 |  1.3
Long Blades    | 1 |  1.3
Axes           | 1 |  1.3
Maces & Flails | 1 |  1.3
Polearms       | 1 |  1.3
Staves         | 1 |  1.3
Slings         | 1 |  1.3
Bows           | 1 |  1.3
Crossbows      | 1 |  1.3
Throwing       | 1 |  1.3
Armour         | 1 |  1.3
Shields        | 1 |  1.3
Unarmed Combat | 1 |  1.3
Evocations     | 1 |  1.3
Hexes          | 1 |  1.1
Charms         | 1 |  1.1
Summonings     | 1 |  1.1
Necromancy     | 1 |  1.1
Translocations | 1 |  1.1
Transmutations | 1 |  1.1
Fire Magic     | 1 |  1.1
Ice Magic      | 1 |  1.1
Air Magic      | 1 |  1.1
Earth Magic    | 1 |  1.1
Poison Magic   | 1 |  1.1
Dodging        | |  4.7
Stealth        | |  4.3
Conjurations   | |  7.1

Action                   |  1- 3 |  4- 6 || total
-------------------------+-------+-------++-------
Melee: Short sword       |     4 |     9 ||    13
 Cast: Magic Dart        |    54 |    57 ||   111
  Use: Scroll            |       |     7 ||     7
 Stab: Sleeping          |     2 |     1 ||     3
  Eat: Chunk             |       |     2 ||     2
Armor: Leather armour    |     2 |     2 ||     4
Dodge: Dodged            |     7 |    11 ||    18
